 Dungeon Crawl Stone Soup version 0.29.1-12-g30fa7ad0bf (webtiles) character file.

Game seed: 1392751782892758394

5898 ThatPearl the Cleaver (level 10, -5/85 HPs)
             Began as a Minotaur Monk on Jan 3, 2023.
             Was an Elder of Hepliaklqana.
             Slain by Erica
             ... wielding a +0 scimitar of flaming
              (10 damage)
             ... on level 9 of the Dungeon.
             The game lasted 00:27:05 (6315 turns).

ThatPearl the Cleaver (Minotaur Monk)               Turns: 6315, Time: 00:27:06

Health: -5/85      AC:  6    Str: 20    XL:     10   Next: 53%
Magic:  13/13      EV: 19    Int:  7    God:    Hepliaklqana [****..]
Gold:   243        SH:  0    Dex: 19    Spells: 9/9 levels left

rFire   . . .      SeeInvis .   H - +0 war axe
rCold   . . .      Faith    .   (no shield)
rNeg    . . .      Spirit   .   t - +0 troll leather armour
rPois   .          Reflect  .   (helmet restricted)
rElec   .          Harm     .   F - +0 cloak
rCorr   .          Rampage  .   (no gloves)
Will    .....                   (no boots)
Stlth   ++........              n - amulet of magic regeneration
HPRegen 1.04/turn               i - +4 ring of evasion
MPRegen 0.53/turn               r - +6 ring of dexterity

@: mighty
A: reduced essence, horns 2, retaliatory headbutt
a: Renounce Religion, Recall Ancestor, Ancestor Identity, Transference, Idealise


You were on level 9 of the Dungeon.
You worshipped Hepliaklqana.
Hepliaklqana was greatly pleased with you.
You visited 1 branch of the dungeon, and saw 9 of its levels.

You collected 390 gold pieces.
You spent 147 gold pieces at shops.

Inventory:

Hand Weapons
 a - a +0 hand axe
 m - a +0 sling
 H - a +0 war axe (weapon)
 P - a +0 battleaxe
Missiles
 b - 77 stones
 w - 9 poisoned darts
Armour
 t - a +0 troll leather armour (worn)
 F - a +0 cloak (worn)
 G - the +1 ring mail of Majeineiw {rPois}
   (You found it on level 6 of the Dungeon)

   rPois:     It protects you from poison.
Magical Staves
 q - a staff of cold
 L - a staff of air
Jewellery
 i - a +4 ring of evasion (left hand)
 n - an amulet of magic regeneration (around neck)
 r - a +6 ring of dexterity (right hand)
 y - an amulet of the acrobat
 D - a ring of flight
 J - a ring of positive energy
 M - a +6 ring of intelligence
Wands
 x - a wand of iceblast (18)
 N - a wand of flame (20) (quivered)
Scrolls
 e - a scroll of identify
 o - a scroll of magic mapping {unknown}
 p - 4 scrolls of teleportation
 u - 3 scrolls of enchant armour
 A - 2 scrolls of enchant weapon {unknown}
 B - 2 scrolls of immolation {unknown}
 C - a scroll of amnesia {unknown}
 K - a scroll of acquirement {unknown}
 O - a scroll of noise {unknown}
Potions
 c - 2 potions of ambrosia
 f - a potion of magic
 g - 5 potions of curing
 h - 2 potions of mutation {unknown}
 s - a potion of haste
 z - a potion of brilliance {unknown}
 E - a potion of invisibility
 I - a potion of lignification


   Skills:
 + Level 11.0 Fighting
 + Level 11.0 Axes
 - Level 8.0 Armour
 + Level 5.4 Dodging
 - Level 1.5 Stealth
 + Level 6.2 Invocations


You had 9 spell levels left.
You didn't know any spells.
Your spell library contained the following spells:

 Spells                   Type           Power      Damage    Failure   Level
 Magic Dart               Conj           0%         1d3       47%         1
 Call Imp                 Summ           0%         N/A       63%         2
 Gell's Gravitas          Tloc           0%         N/A       85%         3
 Lesser Beckoning         Tloc           0%         N/A       85%         3
 Mephitic Cloud           Conj/Pois/Air  0%         N/A       85%         3
 Ozocubu's Armour         Ice            0%         N/A       85%         3
 Summon Guardian Golem    Hex/Summ       0%         N/A       85%         3
 Teleport Other           Tloc           0%         N/A       85%         3
 Orb of Destruction       Conj           0%         9d5       100%        7
 Ozocubu's Refrigeration  Ice            0%         4d7       100%        7
 Spellforged Servitor     Conj/Summ      0%         N/A       100%        7


Dungeon Overview and Level Annotations

Branches:
Dungeon (9/15)             Temple (0/1) D:5
   Lair: D:8-11         Orc: D:9-12

Altars:
Ashenzari
Cheibriados
Elyvilon
Gozag
Hepliaklqana
Trog
Xom
Yredelemnul
The Shining One

Shops:
D:3 *   D:6 [   D:7 *   D:8 (   D:9 ?

Annotations:
D:9 Erica


Innate Abilities, Weirdness & Mutations

Your life essence is reduced to manifest your ancestor. (-10% HP)
You have a pair of horns on your head.
You reflexively headbutt those who attack you in melee.


Message History

You hear some strange, mumbled words.
A bolt of poison appears from out of thin air!
The bolt of poison hits you!
You are poisoned.
Your Fighting skill increases to level 11!
Your Axes skill increases to level 11!
You feel very sick.
You feel very sick.
Okay, then.
You feel better.
You barely miss something. Something hits you! Something burns you.
You barely miss something. Your headbutt misses something. Something hits you.
Something burns you.
You closely miss something. Something hits you!
* * * LOW HITPOINT WARNING * * *
Something burns you.
* * * LOW HITPOINT WARNING * * *
Okay, then.
Okay, then.
Press: ? - help, v - describe, . - travel The floor.
You feel very mighty all of a sudden. Something hits you!
* * * LOW HITPOINT WARNING * * *
Something burns you.
* * * LOW HITPOINT WARNING * * *
You feel better. Something hits you.
* * * LOW HITPOINT WARNING * * *
Something burns you.
* * * LOW HITPOINT WARNING * * *
You miss something. Your punch misses something.
Something completely misses you.
You slice something!! Something barely misses you.
You miss something. Something hits you!
* * * LOW HITPOINT WARNING * * *
Something burns you.
* * * LOW HITPOINT WARNING * * *
You barely miss something. You headbutt something! You slash something!
Your headbutt misses something. Something hits you!
You die...

#. ...... #. ..#..
#.. #.#.. #... #.#..
...##...# # ..#.#.#
.. #.{#)# .. #@#.#
... ####### ##...#
...##.....## #....#
....#....#.#####.#.#
..##..###.......##.#
..#...# #.###†####.#
##.#..# #.# #.# #.#
#.....###.# #.# #.#
.###......# #.# #.#


There were no monsters in sight!

Vanquished Creatures
  A two-headed ogre (D:9)
  An unseen horror zombie (D:8)
  A troll (D:8)
  5 yaks
  A wyvern (D:7)
  An ice beast (D:7)
  A sky beast (D:7)
  A black bear (D:3)
  An ogre (D:4)
  A centaur (D:7)
  3 necrophages
  A bullfrog (D:6)
  A scorpion (D:6)
  7 wights
  A centaur zombie (D:8)
  A hound (D:7)
  An orc priest (D:3)
  A jelly (D:5)
  An orc wizard (D:8)
  An iguana (D:4)
  A mummy (D:8)
  2 howler monkey zombies (D:8)
  3 adders
  3 shadow imps
  3 white imps
  An ufetubus (D:7)
  3 dart slugs
  11 orcs
  2 bats (D:1)
  7 endoplasms
  2 giant cockroaches
  10 goblins
  4 hobgoblins
  3 jackals (D:2)
  5 quokkas
  8 ball pythons
  A frilled lizard (D:2)
  6 kobolds
  9 rats
116 creatures vanquished.

Vanquished Creatures (collateral kills)
  A two-headed ogre (D:8)
  A hornet (D:7)
  5 yaks
  A steam dragon (D:8)
  An orc warrior (D:8)
  A black bear (D:4)
  2 bullfrogs (D:8)
  2 necrophages
  2 wights (D:7)
  The ghost of xzight the Grasshopper, a weakling GnWr (D:3)
  A howler monkey (D:7)
  2 quasits (D:3)
  A human zombie (D:8)
  A hound (D:6)
  An orc priest (D:6)
  An iguana (D:5)
  2 orc wizards (D:6)
  2 mummies (D:8)
  3 white imps
  2 ufetubi (D:7)
  A worm (D:4)
  6 orcs
  A goblin (D:4)
  A hobgoblin (D:3)
  2 ball pythons
  A rat (D:3)
45 creatures vanquished.

Vanquished Creatures (others)
  2 battlemagi
  3 demonic plants (D:7)
5 creatures vanquished.

Grand Total: 166 creatures vanquished

Notes
Turn   | Place    | Note
-------+----------+-------------------------------------------
     0 | D:1      | ThatPearl the Minotaur Monk began the quest for the Orb.
     0 | D:1      | Reached XP level 1. HP: 19/19 MP: 0/0
   301 | D:1      | Reached XP level 2. HP: 27/27 MP: 1/1
   371 | D:1      | Found a faded altar of an unknown god.
   725 | D:2      | Reached XP level 3. HP: 34/34 MP: 2/2
  1603 | D:3      | Found Jured's General Store.
  1753 | D:3      | Noticed a black bear
  1760 | D:3      | Killed a black bear
  1761 | D:3      | Reached skill level 5 in Fighting
  1761 | D:3      | Reached skill level 5 in Axes
  1761 | D:3      | Reached XP level 4. HP: 33/42 MP: 3/3
  1761 | D:3      | Reached XP level 5. HP: 39/49 MP: 4/4
  1874 | D:3      | Found a hazy altar of Hepliaklqana.
  1875 | D:3      | Found a shimmering altar of Xom.
  1876 | D:3      | Noticed a spectral ugly thing
  1876 | D:3      | Noticed a yak
  1879 | D:3      | Became a worshipper of Hepliaklqana the Forgotten
  1879 | D:3      | Reached * piety under Hepliaklqana
  1879 | D:3      | Reached ** piety under Hepliaklqana
  1880 | D:3      | Remembered your ancestor Nolwazi as a battlemage
  1940 | D:3      | Found a transporter.
  1941 | D:3      | Noticed xzight's ghost (weakling GnWr)
  1957 | D:3      | Found a transporter.
  1997 | D:3      | Reached skill level 1 in Armour
  2058 | D:3      | Found a white marble altar of Elyvilon.
  2355 | D:3      | Reached XP level 6. HP: 50/51 MP: 5/5
  2357 | D:3      | Killed xzight's ghost
  2602 | D:4      | Found a broken altar of Ashenzari.
  2854 | D:4      | Reached XP level 7. HP: 57/57 MP: 6/6
  3150 | D:5      | Entered Level 5 of the Dungeon
  3351 | D:5      | Reached *** piety under Hepliaklqana
  3392 | D:5      | Found a staircase to the Ecumenical Temple.
  3932 | D:6      | Identified the +1 ring mail of Majeineiw {rPois}
  4028 | D:6      | Found a bloodstained altar of Trog.
  4062 | D:6      | Found Pudo's Antique Armour Shop.
  4105 | D:6      | Found a glowing golden altar of the Shining One.
  4624 | D:7      | Noticed a hornet
  4681 | D:7      | Reached skill level 5 in Armour
  4706 | D:7      | Reached XP level 8. HP: 61/66 MP: 7/7
  4727 | D:7      | Reached **** piety under Hepliaklqana
  4782 | D:7      | Killed a hornet
  4783 | D:7      | Reached skill level 1 in Invocations
  4938 | D:7      | Found Vuogeps's Gadget Gallery.
  5163 | D:8      | Reached XP level 9. HP: 74/74 MP: 10/10
  5231 | D:8      | Noticed a troll
  5246 | D:8      | Killed a troll
  5315 | D:8      | Found an opulent altar of Gozag.
  5787 | D:8      | Found Hikyodel's Antique Weapon Emporium.
  5791 | D:8      | Reached skill level 10 in Fighting
  5791 | D:8      | Reached skill level 10 in Axes
  5852 | D:8      | Found a basalt altar of Yredelemnul.
  5865 | D:8      | Reached skill level 5 in Invocations
  5881 | D:8      | Reached XP level 10. HP: 66/83 MP: 12/12
  5924 | D:8      | Found a snail-covered altar of Cheibriados.
  5941 | D:8      | Noticed a two-headed ogre
  5949 | D:8      | Killed a two-headed ogre
  6202 | D:9      | Found Ijubutrag's Magic Scroll Emporium.
  6208 | D:9      | Bought a scroll of teleportation for 42 gold pieces
  6208 | D:9      | Bought a scroll of enchant armour for 105 gold pieces
  6240 | D:9      | Reached skill level 5 in Dodging
  6288 | D:9      | Noticed a two-headed ogre
  6293 | D:9      | Noticed Erica
  6300 | D:9      | Killed a two-headed ogre
  6313 | D:9      | HP: 3/85 [something (3)]
  6315 | D:9      | Slain by Erica

Illustrated notes

Levels and vault maps discovered:
D:1:      giann_wishing_wells, layout_basic,
          dreamdust_ecumenical_altar_angels_and_demons,
          chequers_serial_rivers_room_a
D:2:      layout_rooms, serial_rivers, chequers_serial_rivers_micro_d,
          chequers_serial_rivers_micro_c, chequers_serial_rivers_small_3,
          chequers_serial_rivers_small_b, chequers_serial_rivers_small_b,
          chequers_serial_rivers_small_a, kennysheep_minor_cross
D:3:      layout_basic, regret_index_temple_of_mockery, elyvilon_altar_5,
          serial_shops, nicolae_shop_trees, gammafunk_ghost_stat_death
D:4:      layout_basic, cheibrodos_ashenzari_chains
D:5:      layout_cave_pods, minmay_temple_entry_tees, grunt_ministairs_5
D:6:      layout_loops_ring, kennysheep_little_box,
          mainiacjoe_overflow_small_starburst, serial_shops, nicolae_shop_stone,
          minmay_misc_feat_tiny
D:7:      layout_rooms, serial_demonic, serial_demonic_b, serial_demonic_c,
          serial_demonic_d, serial_demonic_a, nicolae_shop_gadgets
D:8:      layout_loops_corners, lemuel_mausoleum_altar_yredelemnul,
          nicolae_overflow_crystal_walls, cheibriados_altar_2, serial_shops,
          shop, corexii_leaking_fountain, amcnicky_mini_pool_small
D:9:      hellmonk_crumbling_castle, layout_long_grid,
          nicolae_overflow_quartered_altars, orc_0_dummy, serial_shops,
          nicolae_shop_stone, nicolae_shop_stone,
          nicolae_shop_temple_entry_statues_fountains, nicolae_shop_crystal,
          nicolae_shop_window_shopping, uniq_erica

Skill      XL: |  1  2  3  4  5  6  7  8  9 10 |
---------------+-------------------------------+-----
Fighting       | 4 5 6 7 9 10 11 | 11.0
Axes           | 4 5 6 7 8 10 11 | 11.0
Armour         | 1 3 5 6 8 |  8.0
Invocations    | 3 5 6 |  6.2
Dodging        | 5 |  5.4
Stealth        | |  1.5

Action                   |  1- 3 |  4- 6 |  7- 9 | 10-12 || total
-------------------------+-------+-------+-------+-------++-------
Melee: Hand axe          |    83 |    35 |    30 |       ||   148
       Headbutt          |    16 |     6 |    36 |     6 ||    64
       Punch             |       |     1 |     5 |       ||     6
       War axe           |       |       |   109 |    31 ||   140
Throw: Stone             |     1 |       |       |     1 ||     2
Invok: Ancestor Life: Ba |       |     1 |       |       ||     1
Evoke: Wand              |       |       |       |     5 ||     5
  Use: Scroll            |       |       |    11 |       ||    11
       Potion            |       |       |       |     3 ||     3
 Stab: Sleeping          |     1 |     1 |     1 |       ||     3
       Distracted        |       |       |     4 |       ||     4
Armor: Robe              |     2 |       |       |       ||     2
       Ring mail         |    22 |     8 |       |       ||    30
       Troll leather arm |       |     5 |    23 |     2 ||    30
Dodge: Dodged            |    60 |    21 |   131 |    13 ||   225
